 Dungeon Crawl Stone Soup version 0.26-a0-606-g3c8f2f6 (webtiles) character file.

Game seed: 17016089059393190149

90 ClockworkOrrery the Skirmisher (level 4, -2/31 HPs)
             Began as a Gargoyle Fighter on Sept 2, 2020.
             Killed from afar by a white imp (8 damage)
             ... with a puff of frost
             ... summoned by Natasha
             ... on level 2 of the Dungeon.
             The game lasted 00:01:44 (1034 turns).

ClockworkOrrery the Skirmisher (Gargoyle Fighter)   Turns: 1034, Time: 00:01:44

Health: -2/31      AC: 15    Str: 21    XL:     4   Next: 56%
Magic:  4/4        EV:  3    Int:  8    God:
Gold:   47         SH:  9    Dex:  9    Spells: 3/3 levels left

rFire    . . .     SeeInvis .   a - +0 flail
rCold    . . .     Faith    .   c - +0 kite shield
rNeg     + . .     Spirit   .   b - +0 plate armour
rPois    ∞         Reflect  .   (no helmet)
rElec    +         Harm     .   (no cloak)
rCorr    .                      (no gloves)
MR       .....                  (no boots)
Stlth    ..........             (no amulet)
HPRegen  0.10/turn              (no ring)
MPRegen  0.09/turn              (no ring)

@: slowed, very slow
A: negative energy resistance 1, electricity resistance, unbreathing,
petrification resistance, rot immunity, AC +3
a: no special abilities


You were on level 2 of the Dungeon.
You visited 1 branch of the dungeon, and saw 2 of its levels.

You collected 47 gold pieces.

Inventory:

Hand Weapons
 a - a +0 flail (weapon)
Armour
 b - a +0 plate armour (worn)
 c - a +0 kite shield (worn)
Scrolls
 g - a scroll of random uselessness {unknown}
 i - 2 scrolls of enchant armour {unknown}
 j - 4 scrolls of identify {unknown}
 k - a scroll of magic mapping {unknown}
 m - a scroll of blinking {unknown}
 p - a scroll of teleportation {unknown}
Potions
 d - a potion of might
 e - 3 potions of ambrosia {unknown}
 f - a potion of stabbing {unknown}
 h - a potion of haste {unknown}
 l - a potion of degeneration {unknown}
 n - a potion of mutation {unknown}
 o - a potion of curing {unknown}
 q - a potion of brilliance {unknown}


   Skills:
 * Level 5.0 Fighting
 + Level 3.1 Maces & Flails
 - Level 3.2 Armour
 - Level 3.2 Shields


You had 3 spell levels left.
You didn't know any spells.
Your spell library was empty.

Dungeon Overview and Level Annotations

Branches:
Dungeon (2/15)

Altars:

Annotations:
D:2 Natasha


Innate Abilities, Weirdness & Mutations

You are resistant to torment.
Your stone body is resilient. (AC +3)
You are immune to poison.
You resist negative energy. (rN+)
You are resistant to electric shocks. (rElec)
You can survive without breathing.
You are immune to petrification.
You are immune to rotting.


Message History

You block Natasha's attack.
Natasha stares at you and mumbles some strange words.
The magic dart hits you but does no damage.
You hit Natasha.
Natasha is heavily wounded.
Natasha claws you but does no damage. You block Natasha's attack.
You closely miss Natasha.
Natasha is heavily wounded.
Natasha stares at you and mumbles some strange words.
You resist with some effort. You block Natasha's attack.
You closely miss Natasha.
Natasha is heavily wounded.
Natasha claws you but does no damage.
Natasha casts a spell.
You completely miss Natasha.
Natasha is heavily wounded.
Natasha claws you but does no damage. The white imp gestures at you.
The puff of frost hits you!
You die...

##.##...[#[##............#
..##...#..#.##########..
###....#.# ### ...<#
...####.#.# ....
#......#.# ... ####...†.#
.. ####### #.## #5# #..#
#@# #.### #h# #g.l###g# #
# ....hg.##..##g########..
.....g. ##.#...........#
...$..5 #............#
...!...#####....(.....##
................†.......
....... ######.#########


You could see Natasha, a gnoll, a white imp (summoned) and a hobgoblin.

Vanquished Creatures
  Jessica (D:2)
  An adder (D:2)
  2 gnolls (D:2)
  2 worms (D:2)
  3 leopard geckos
  A giant cockroach (D:2)
  2 goblins (D:1)
  4 hobgoblins (D:1)
  6 bats
  4 frilled lizards
  A kobold (D:2)
  6 rats
33 creatures vanquished.

Notes
Turn   | Place    | Note
-------+----------+-------------------------------------------
     0 | D:1      | ClockworkOrrery the Gargoyle Fighter began the quest for
                  | the Orb.
     0 | D:1      | Reached XP level 1. HP: 14/14 MP: 1/1
   262 | D:1      | Reached XP level 2. HP: 20/20 MP: 2/2
   667 | D:2      | Reached skill level 4 in Fighting
   667 | D:2      | Reached XP level 3. HP: 20/24 MP: 3/3
   696 | D:2      | Noticed Jessica
   708 | D:2      | Killed Jessica
   867 | D:2      | Reached XP level 4. HP: 26/30 MP: 4/4
   989 | D:2      | Noticed Natasha
  1021 | D:2      | Reached skill level 5 in Fighting
  1034 | D:2      | Killed from afar by a white imp

Illustrated notes

Levels and vault maps discovered:
D:1:      ncdulo_watergridlock, layout_loops_ring, serial_park_tiny_pond
D:2:      minmay_evil_eye, layout_rooms, uniq_crazy_yiuf_cottage, uniq_natasha,
          uniq_jessica

Skill      XL: |  1  2  3  4 |
---------------+-------------+-----
Fighting       | 4 5 |  5.0
Maces & Flails | 3 |  3.1
Armour         | |  3.2
Shields        | |  3.2

Action                   |  1- 3 |  4- 6 || total
-------------------------+-------+-------++-------
Melee: Flail             |    93 |    53 ||   146
Armor: Scale mail        |    51 |       ||    51
       Plate armour      |    16 |    46 ||    62
Dodge: Dodged            |    20 |     5 ||    25
Block: Kite shield       |    57 |    37 ||    94

Table legend: (Time is in decaauts)
 A = Elapsed time spent in this place.
 B = Non-inter-level travel time spent in this place.
 C = Inter-level travel time spent in this place.
 D = Time resting spent in this place.
 E = Time spent auto-exploring this place.
 F = Levels seen in this place.
 G = Mean time per level.
                   A        B        C        D        E       F      G
               +--------+--------+--------+--------+--------+-----+--------+
         Total |   1095 |   1056 |     39 |      0 |    718 |   2 |  547.5 |
       Dungeon |   1095 |   1056 |     39 |      0 |    718 |   2 |  547.5 |
               +--------+--------+--------+--------+--------+-----+--------+

Top non-repeatable levels by time:
     D:1: 651 daAuts
     D:2: 443 daAuts
